Map: Hardwire LE

Players

makevoid - Winner!

  • Race: Zerg Zerg
  • Spawn Location: 7:00

SRHarstem

  • Race: Terran Terran
  • League: Diamond
  • Spawn Location: 1:00

VOD

Have the link to the VOD?

Description

Time

  • Played on: May 30, 2022, 12:16 a.m.
  • Length: 4:12
Show
View Real Time Build Order
Export as new Build Order

makevoid Zerg - Winner!

Build Orders: Pool First 

Get SALT Encoding   

  12  0:01  Drone  
  13  0:12  Overlord  
  13  0:16  Drone  
  14  0:34  Overlord  
  14  0:36  Drone x2  
  16  0:48  Spawning Pool  
  15  0:56  Drone  
  16  1:13  Extractor  
  16  1:17  Hatchery  
  14  1:35  Zergling x6  
  17  1:46  Drone  
  18  1:57  Hatchery  
  18  2:01  Drone  
  18  2:09  Drone  
  19  2:22  Drone  
  20  2:39  Drone x2  
  22  2:46  Roach Warren  
  18  3:25  Roach x3  
  18  3:26  Roach x5  
  34  3:35  Roach  
  36  3:42  Roach  
  36  3:43  Roach x2  
Show
View Real Time Build Order
Export as new Build Order

SRHarstem Terran 

Build Orders:  

Get SALT Encoding   

  12  0:02  SCV  
  14  0:14  SCV  
  14  0:18  Supply Depot  
  14  0:42  Barracks  
  14  0:53  Supply Depot  
  14  1:03  Barracks  
  14  1:11  Barracks  
  14  1:26  Barracks  
  14  1:31  Marine  
  15  1:48  Marine  
  16  1:58  Supply Depot, Marine  
  16  2:00  Marine  
  18  2:06  Marine  
  19  2:16  Marine  
  19  2:21  Marine x2  
  21  2:24  Marine  
  22  2:34  Marine  
  23  2:42  Marine x2  
  23  2:43  Marine  
  25  2:52  Marine  
  26  3:00  Marine x2  
  26  3:01  Marine  
  29  3:10  Marine  
  30  3:20  Marine x2  
  30  3:21  Marine  
  33  3:27  Marine  
  33  3:31  Supply Depot  
  34  3:38  Marine  
  34  3:40  Marine  
Tags
 
League
Diamond
Matchup
TvZ
Opening
Pool First
Spawn Locations
Cross Positions
Add a new tag
Caveats
  • Supply blocks, unpowered buildings, or Contaminate may cause inaccurate times.
  • Supply counts are checked every 10 seconds.